Map: Catalyst LE

Players

Trust - Winner!

  • Race: Protoss Protoss
  • Spawn Location: 5:00

puCK (Nina)

  • Race: Protoss Protoss
  • Spawn Location: 11:00

Event: IEM Season 12 - Katowice

VOD

Have the link to the VOD?

Description

Time

  • Played on: Feb. 26, 2018, 9:16 a.m.
  • Length: 9:05
Show
View Real Time Build Order
Export as new Build Order

Trust Protoss - Winner!

Build Orders: Dark Templar Rush 

Get SALT Encoding   

  12  0:00  Probe  
  13  0:12  Probe  
  14  0:17  Pylon  
  14  0:25  Probe (Chrono Boost)  
  15  0:37  Probe (Chrono Boost)  
  15  0:38  Gateway  
  16  0:45  Probe (Chrono Boost)  
  16  0:47  Assimilator  
  17  0:51  Probe (Chrono Boost)  
  17  0:55  Assimilator  
  18  1:03  Probe (Chrono Boost)  
  19  1:08  Gateway  
  19  1:11  Probe (Chrono Boost)  
  20  1:19  Probe  
  20  1:25  Cybernetics Core  
  21  1:31  Probe  
  22  1:35  Pylon  
  22  1:43  Probe  
  23  1:55  Probe  
  23  1:57  Warp Gate (Chrono Boost)  
  24  2:02  Stalker x2  
  28  2:14  Pylon  
  28  2:32  Stalker x2  
  32  2:39  Gateway  
  31  2:49  Twilight Council  
  31  3:00  Probe  
  31  3:05  Stalker x2  
  36  3:14  Pylon  
  36  3:29  Dark Shrine  
  36  3:30  Shield Battery  
  34  3:47  Stalker x2  
  38  3:54  Stalker  
  32  4:34  Adept x2  
  32  4:42  Dark Templar  
  31  4:49  Nexus  
  30  5:00  Probe  
  29  5:10  Robotics Facility  
  27  5:15  Sentry x2  
  27  5:20  Probe (Chrono Boost)  
  27  5:21  Shield Battery  
  30  5:30  Probe (Chrono Boost)  
  30  5:31  Sentry  
  30  5:35  Probe (Chrono Boost)  
  34  5:45  Zealot, Stalker  
  34  5:46  Probe (Chrono Boost)  
  39  5:53  Probe (Chrono Boost)  
  39  5:56  Immortal (Chrono Boost)  
  40  6:01  Probe  
  40  6:04  Probe  
  46  6:13  Resonating Glaives (Chrono Boost)  
  46  6:16  Assimilator  
  46  6:18  Probe x2  
  48  6:24  Pylon  
  48  6:30  Probe x2  
  50  6:36  Immortal (Chrono Boost)  
  54  6:40  Assimilator  
  54  6:55  Gateway x2  
  54  6:59  Gateway  
  54  7:02  Gateway  
  54  7:12  Warp Prism (Chrono Boost)  
  54  7:15  Gateway  
  56  7:24  Adept x2  
  56  7:26  Sentry  
  56  7:29  Pylon  
  62  7:39  Pylon  
  62  8:06  Adept x6  
  62  8:11  Adept, Pylon  
  74  8:30  Adept x5  
  80  8:46  Adept x3  
  82  8:51  Adept x2  
  82  8:54  Adept  
  84  9:01  Adept x2  
Show
View Real Time Build Order
Export as new Build Order

puCK Protoss 

Build Orders: Phoenix Opening 

Get SALT Encoding   

  12  0:00  Probe  
  13  0:12  Probe  
  14  0:18  Pylon  
  14  0:24  Probe  
  15  0:36  Probe (Chrono Boost)  
  15  0:39  Gateway  
  16  0:46  Probe (Chrono Boost), Assimilator  
  17  0:51  Probe (Chrono Boost)  
  17  0:55  Assimilator  
  18  1:03  Probe (Chrono Boost)  
  19  1:13  Probe (Chrono Boost)  
  19  1:16  Gateway  
  19  1:18  Probe (Chrono Boost)  
  21  1:26  Cybernetics Core  
  21  1:29  Probe  
  22  1:36  Pylon  
  22  1:41  Probe  
  23  1:54  Probe  
  24  2:02  Warp Gate (Chrono Boost)  
  24  2:03  Stalker  
  24  2:04  Sentry  
  24  2:06  Probe  
  29  2:13  Pylon  
  29  2:20  Shield Battery  
  29  2:31  Pylon  
  29  2:44  Nexus  
  29  2:49  Stalker  
  31  2:52  Stalker  
  33  3:03  Shield Battery  
  33  3:08  Phoenix  
  33  3:11  Robotics Facility  
  33  3:23  Gateway  
  33  3:29  Shield Battery  
  33  3:46  Pylon  
  33  3:54  Shield Battery  
  33  3:57  Stalker x2  
  37  4:14  Observer  
  32  4:20  Stalker x3  
  36  4:30  Pylon  
  36  4:32  Pylon  
  33  4:39  Probe x2  
  35  4:48  Immortal (Chrono Boost)  
  39  4:57  Sentry  
  41  5:04  Probe x2 (Chrono Boost)  
  40  5:13  Stalker  
  42  5:16  Probe (Chrono Boost)  
  42  5:19  Probe (Chrono Boost)  
  44  5:21  Sentry  
  46  5:29  Probe x2 (Chrono Boost)  
  48  5:40  Probe x2 (Chrono Boost)  
  50  5:45  Probe x2 (Chrono Boost)  
  50  5:49  Observer  
  53  5:54  Pylon, Forge  
  53  5:56  Shield Battery  
  53  6:01  Probe (Chrono Boost)  
  55  6:06  Probe (Chrono Boost)  
  55  6:09  Zealot  
  55  6:11  Probe (Chrono Boost)  
  58  6:14  Probe (Chrono Boost)  
  58  6:16  Immortal  
  63  6:22  Protoss Ground Weapons Level 1 (Chrono Boost)  
  63  6:24  Probe  
  63  6:25  Probe  
  65  6:37  Assimilator  
  65  6:39  Probe x2, Twilight Council, Assimilator  
  67  6:54  Gateway x2  
  67  6:58  Gateway  
  67  7:01  Probe x2  
  69  7:07  Pylon  
  69  7:08  Pylon  
  69  7:17  Charge  
  69  7:18  Probe  
  70  7:25  Probe  
  71  7:30  Nexus  
  71  7:34  Templar Archives  
  71  7:41  Gateway  
  71  7:42  Gateway  
  71  7:45  Warp Prism  
  71  7:46  Observer  
  73  7:55  Pylon  
  73  7:57  Zealot x2  
  77  8:00  Zealot  
  77  8:02  Shield Battery  
  79  8:08  Zealot x2  
  83  8:13  Stalker  
  81  8:22  Zealot x2  
  82  8:31  Zealot x2  
  82  8:32  Zealot  
  75  8:44  High Templar  
  75  8:45  Zealot, High Templar  
  66  8:52  Archon  
  52  8:58  Zealot x3  

Tags
 
Add a new tag
Caveats
  • Supply blocks, unpowered buildings, or Contaminate may cause inaccurate times.
  • Supply counts are checked every 10 seconds.